 Dungeon Crawl Stone Soup version 0.29-a0-322-g68df515428 (webtiles) character file.

Game seed: 12971438015218127473

75 Dabor the Skirmisher (level 4, -3/35 HPs)
             Began as a Demonspawn Chaos Knight on Apr 7, 2022.
             Was a Plaything of Xom.
             Frozen to death by an endoplasm (4 damage)
             ... on level 4 of the Dungeon.
             The game lasted 00:02:34 (1331 turns).

Dabor the Skirmisher (Demonspawn Chaos Knight)      Turns: 1331, Time: 00:02:35

Health: -3/35      AC:  5    Str: 14    XL:     4   Next: 11%
Magic:  4/4        EV: 11    Int: 13    God:    Xom [*.....]
Gold:   57         SH:  0    Dex: 13    Spells: 3/3 levels left

rFire   . . .      SeeInvis .   a - +0 hand axe (chaos)
rCold   . . .      Faith    .   (no shield)
rNeg    . . .      Spirit   .   b - +2 leather armour
rPois   .          Reflect  .   (no helmet)
rElec   .          Harm     .   (no cloak)
rCorr   .          Rampage  .   (no gloves)
Will    +....                   (no boots)
Stlth   +.........              (no amulet)
HPRegen 0.11/turn               l - ring of willpower
MPRegen 0.18/turn               (no ring)

@: no status effects
A: magic regeneration, demonic touch 1
a: Renounce Religion


You were on level 4 of the Dungeon.
You worshipped Xom.
You were a special plaything of Xom.
You visited 1 branch of the dungeon, and saw 3 of its levels.

You collected 57 gold pieces.

Inventory:

Hand Weapons
 a - a +0 hand axe of chaos (weapon)
Missiles
 g - 2 atropa-tipped darts
Armour
 b - a +2 leather armour (worn)
Jewellery
 l - a ring of willpower (left hand)
Scrolls
 e - 3 scrolls of teleportation
 h - a scroll of amnesia {unknown}
 k - a scroll of brand weapon {unknown}
Miscellaneous
 c - a piece from Xom's chessboard (15/15) (quivered)


   Skills:
 + Level 3.5 Fighting
 + Level 3.2 Axes
 + Level 2.5 Armour
 + Level 1.9 Dodging


You had 3 spell levels left.
You didn't know any spells.
Your spell library was empty.

Dungeon Overview and Level Annotations

Branches:
Dungeon (2/15)             Temple (0/1) D:4

Altars:

Annotations:
D:4 Robin


Innate Abilities, Weirdness & Mutations

You regenerate magic rapidly.
Your touch may inflict minor irresistible damage on your foes.


Message History

You convulse.
* * * LOW HITPOINT WARNING * * *
The goblin completely misses you.
Things that are here:
a +0 dagger; a goblin corpse Blink to where?
Press: ? - help, Dir - move target
As you read the scroll of blinking, it crumbles to dust.
Your surroundings suddenly seem different.
A goblin and a hobgoblin come into view.
Found a red potion.
The goblin shouts!
You hear a shout!
A gnoll comes into view. It is wielding a +0 halberd.
You hear a shout! "Serve the toy, my child!"
You swap places.
A gnoll comes into view. It is wielding a +2 whip of draining.
The goblin misses you.
The goblin closely misses your ufetubus.
The hobgoblin hits you.
* * * LOW HITPOINT WARNING * * *
The hobgoblin attacks as you move away!
The hobgoblin hits you but does no damage.
The hobgoblin hits your ufetubus.
Found a scroll of identify.
A gnoll comes into view. It is wielding a +0 club.
The gnoll shouts!
A jelly comes into view.
Found a scroll labelled UHOWOPT OWNAULOA.
The jelly jiggles.
An endoplasm comes into view.
The jelly hits you but does no damage.
The jelly hits your ufetubus but does no damage.
The endoplasm freezes you.
You are frozen.
* * * LOW HITPOINT WARNING * * *
The endoplasm freezes you.
You are frozen.
You die...
Xom bursts into laughter!

#..###...###..######
#...#..#g.#.........
#.#..g##.........?..
#.##.###............
#.....##?...........
#...#..#..#.g.......
#######gg###..!###gJ......
#......g..#..#gg#5.#######
#......##...###.@J##
........................
...............#.###.#..
#....$.#######.#.# #
#...g.. #.... ....### #..#
###.#### #..# ....#.. #..#
.g..#.#


You could see a jelly, 3 gnolls, an endoplasm, a hobgoblin, a goblin and a
friendly ufetubus (summoned).

Vanquished Creatures
  An iguana (D:4)
  An adder (D:2)
  A dart slug (D:1)
  2 endoplasms
  A giant cockroach (D:2)
  8 goblins
  5 hobgoblins
  2 quokkas
  3 ball pythons
  A frilled lizard (D:2)
  3 kobolds
  6 rats (D:1)
34 creatures vanquished.

Notes
Turn   | Place    | Note
-------+----------+-------------------------------------------
     0 | D:1      | Dabor the Demonspawn Chaos Knight began the quest for the
                  | Orb.
     0 | D:1      | Reached XP level 1. HP: 18/18 MP: 1/1
    20 | D:1      | XOM: potion effect (haste)
    31 | D:1      | Reached skill level 1 in Dodging
   118 | D:1      | XOM: silly message
   212 | D:1      | Found a faded altar of an unknown god.
   237 | D:1      | Gained mutation: You regenerate magic rapidly. [demonic
                  | ancestry]
   237 | D:1      | Reached XP level 2. HP: 24/24 MP: 2/2
   613 | D:1      | XOM: 3-stop teleportation journey
   924 | D:2      | XOM: divination: detect creatures
   929 | D:2      | Gained mutation: Your touch may inflict minor irresistible
                  | damage on your foes. [demonic ancestry]
   929 | D:2      | Reached XP level 3. HP: 13/29 MP: 3/3
   932 | D:2      | XOM: divination: detect items
  1195 | D:2      | You fall into a shaft and drop 2 floors!
  1195 | D:4      | Noticed a gnoll sergeant
  1197 | D:4      | XOM: summons friendly shadow imp
  1213 | D:4      | Noticed a necrophage
  1217 | D:4      | Found a staircase to the Ecumenical Temple.
  1217 | D:4      | XOM: swap monsters
  1238 | D:4      | Reached XP level 4. HP: 18/35 MP: 4/4
  1298 | D:4      | Noticed Robin
  1314 | D:4      | XOM: summons friendly ufetubus
  1330 | D:4      | HP: 1/35 [frozen (2)]
  1331 | D:4      | Frozen to death by an endoplasm

Illustrated notes

Levels and vault maps discovered:
D:1:      amcnicky_arrival_underground_garden, layout_basic,
          ebering_ecumenical_altar_mist
D:2:      layout_loops_corners, serial_shops, nicolae_shop_window_shopping
D:4:      layout_basic, minmay_temple_entry_stoned_glass,
          minmay_strange_pillars, uniq_robin, uniq_crazy_yiuf_cottage,
          uniq_pargi, uniq_blork_the_orc

Skill      XL: |  1  2 |
---------------+-------+-----
Dodging        | 1 |  1.9
Armour         | 2 |  2.5
Axes           | 3 |  3.2
Fighting       | |  3.5

Action                   |  1- 3 |  4- 6 || total
-------------------------+-------+-------++-------
Melee: Hand axe          |    65 |     8 ||    73
       Touch             |     3 |       ||     3
  Use: Scroll            |     1 |     4 ||     5
       Potion            |     1 |     1 ||     2
 Stab: Sleeping          |     1 |       ||     1
Armor: Leather armour    |    20 |     8 ||    28
       Skin              |     3 |       ||     3
Dodge: Dodged            |    32 |    10 ||    42

Table legend: (Time is in decaauts)
 A = Elapsed time spent in this place.
 B = Non-inter-level travel time spent in this place.
 C = Inter-level travel time spent in this place.
 D = Time resting spent in this place.
 E = Time spent auto-exploring this place.
 F = Levels seen in this place.
 G = Mean time per level.
                   A        B        C        D        E       F      G
               +--------+--------+--------+--------+--------+-----+--------+
         Total |   1321 |   1310 |     11 |    218 |    832 |   3 |  440.3 |
       Dungeon |   1321 |   1310 |     11 |    218 |    832 |   3 |  440.3 |
               +--------+--------+--------+--------+--------+-----+--------+

Top non-repeatable levels by time:
     D:1: 828 daAuts
     D:2: 354 daAuts
     D:4: 138 daAuts
